 Dungeon Crawl Stone Soup version 0.28-a0-8-g6e044cfa68 (webtiles) character file.

Game seed: 7819946217672248366

708 bande the Chopper (level 7, -16/44 HPs)
             Began as a Gargoyle Fighter on July 24, 2021.
             Was an Initiate of Okawaru.
             Blown up by Pikel (24 damage)
             ... with a mindburst bolt
             ... on level 4 of the Dungeon.
             The game lasted 00:08:15 (4266 turns).

bande the Chopper (Gargoyle Fighter)                Turns: 4266, Time: 00:08:16

Health: -16/44     AC: 16    Str: 20    XL:     7   Next: 67%
Magic:  7/7        EV:  8    Int:  9    God:    Okawaru [......]
Gold:   211        SH: 10    Dex: 16    Spells: 6/6 levels left

rFire   . . .      SeeInvis .   a - +1 war axe
rCold   + . .      Faith    .   c - +0 kite shield
rNeg    + . .      Spirit   .   l - +2 scale mail {rC+}
rPois   ∞          Reflect  .   i - +1 helmet
rElec   +          Harm     .   (no cloak)
rCorr   +          Rampage  .   (no gloves)
Will    .....                   (no boots)
Stlth   ..........              (no amulet)
HPRegen 0.14/turn               g - ring of resist corrosion
MPRegen 0.10/turn               b - +6 ring of dexterity

@: no status effects
A: sickness immunity, AC +4, negative energy resistance 1, electricity
resistance, torment resistance 1, petrification resistance
a: Renounce Religion


You were on level 4 of the Dungeon.
You worshipped Okawaru.
Okawaru was noncommittal.
You visited 2 branches of the dungeon, and saw 5 of its levels.

You collected 211 gold pieces.

Inventory:

Hand Weapons
 a - a +1 war axe (weapon)
Armour
 c - a +0 kite shield (worn)
 i - a +1 helmet (worn)
 l - a +2 scale mail of cold resistance (worn)
 s - a +0 hat
Jewellery
 b - a +6 ring of dexterity (right hand)
 g - a ring of resist corrosion (left hand)
 m - a ring of fire
 q - a ring of magical power
Scrolls
 f - 5 scrolls of teleportation
 h - a scroll of blinking
 o - a scroll of enchant armour
 p - a scroll of fog
 r - a scroll of identify
Potions
 d - 2 potions of might
 j - 5 potions of cancellation
 k - 2 potions of haste
 n - 2 potions of flight
 t - a potion of magic


   Skills:
 + Level 4.6 Fighting
 + Level 5.3 Axes
 + Level 5.0 Armour
 + Level 1.4 Dodging
 + Level 4.6 Shields


You had 6 spell levels left.
You didn't know any spells.
Your spell library was empty.

Dungeon Overview and Level Annotations

Branches:
Dungeon (4/15)             Temple (1/1) D:4

Altars:
Ashenzari
Cheibriados
Dithmenos
Fedhas
Gozag
Kikubaaqudgha
Makhleb
Nemelex Xobeh
Okawaru
Qazlal
Ru
Sif Muna
Trog
Uskayaw
Vehumet
Zin

Annotations:
D:4 Pikel


Innate Abilities, Weirdness & Mutations

You are immune to sickness and miasma.
Your stone body is resilient. (AC +4)
You are immune to poison.
You resist negative energy. (rN+)
You are resistant to electric shocks. (rElec)
You are resistant to unholy torment.
You are immune to petrification.


Message History

Pikel zaps a wand.
Your mind is blasted!
You hit the lemure.
The lemure is lightly wounded.
You block the lemure's attack. x2
You closely miss the lemure.
The lemure is lightly wounded.
You block the lemure's attack.
You slash the lemure!
The lemure is heavily wounded.
The lemure hits you but does no damage. The lemure hits you.
You hit the lemure.
The lemure is severely wounded.
The lemure hits you but does no damage.
You hit the lemure.
The lemure is severely wounded.
The lemure barely misses you.
You barely miss the lemure.
The lemure is severely wounded.
You block the lemure's attack.
Pikel says, "You'll feel the lick of my whip!"
You slash Pikel!
Pikel is lightly wounded.
Pikel cracks his whip.
Pikel zaps a wand.
Your mind is blasted!
Ouch! That really hurt!
* * * LOW HITPOINT WARNING * * *
You closely miss Pikel.
Pikel is lightly wounded.
You block Pikel's attack.
Pikel zaps a wand.
You struggle to resist.
You barely miss Pikel.
Pikel is lightly wounded.
Pikel barely misses you.
You hit Pikel.
Pikel is moderately wounded.
You block Pikel's attack.
You closely miss Pikel.
Pikel is moderately wounded.
Pikel hits you but does no damage.
Pikel zaps a wand.
Your mind is blasted!
Ouch! That really hurt!
You die...

****,,* ##K.##
#.....##.. ,,,,,,*
##.5## #.....#*#.
******* ##..##
##.....#### *
##..###.......### *
##..)....#....## *
##......###..... *
##55.....# ##.... *
###K55.....## #....
*
#.@#####....###....
* #### #...........
* #........... *
*#.........## *
*#..###....### *
*#..## ##...##. *
*#..#* #....## *
*..#* ##....#
************* *..*
######


You could see Pikel and 4 lemures.

Vanquished Creatures
  Grinder (D:3)
  A scorpion (D:2)
  Blork the orc (D:4)
  A crimson imp (D:4)
  3 orc priests
  Natasha (thrice) (D:3)
  3 orc wizards (D:3)
  Robin (D:2)
  3 adders
  An adder skeleton (D:4)
  A worm (D:2)
  A dart slug (D:1)
  11 orcs (D:3)
  7 ball pythons
  4 endoplasms
  3 giant cockroaches
  19 goblins
  6 hobgoblins
  4 jackals (D:1)
  4 kobolds
  3 quokkas
  2 bats
  6 rats
89 creatures vanquished.

Notes
Turn   | Place    | Note
-------+----------+-------------------------------------------
     0 | D:1      | bande the Gargoyle Fighter began the quest for the Orb.
     0 | D:1      | Reached XP level 1. HP: 14/14 MP: 1/1
   290 | D:1      | Reached XP level 2. HP: 19/19 MP: 2/2
   535 | D:1      | Reached XP level 3. HP: 11/23 MP: 3/3
  1130 | D:2      | Noticed a scorpion
  1134 | D:2      | Killed a scorpion
  1135 | D:2      | Reached XP level 4. HP: 29/29 MP: 4/4
  1492 | D:2      | Noticed Robin
  1497 | D:2      | Reached XP level 5. HP: 33/33 MP: 5/5
  1505 | D:2      | Killed Robin
  2141 | D:3      | Found a faded altar of an unknown god.
  2481 | D:3      | Noticed Natasha
  2496 | D:3      | Killed Natasha
  2604 | D:3      | Reached XP level 6. HP: 12/38 MP: 6/6
  2757 | D:3      | Noticed Natasha
  2769 | D:3      | Killed Natasha
  2998 | D:3      | Noticed Natasha
  3011 | D:3      | Killed Natasha
  3243 | D:4      | Noticed Grinder
  3258 | D:3      | Killed Grinder
  3259 | D:3      | Reached skill level 1 in Dodging
  3259 | D:3      | Reached XP level 7. HP: 34/44 MP: 7/7
  3598 | D:4      | Reached skill level 5 in Axes
  3709 | D:4      | Noticed Blork the orc
  3725 | D:4      | Killed Blork the orc
  3726 | D:4      | Reached skill level 5 in Armour
  3930 | D:4      | Found a staircase to the Ecumenical Temple.
  3946 | Temple   | Entered the Ecumenical Temple
  4034 | Temple   | Became a worshipper of Warmaster Okawaru
  4104 | D:4      | Found a burning altar of Makhleb.
  4105 | D:4      | Found a radiant altar of Vehumet.
  4236 | D:4      | Noticed Pikel
  4266 | D:4      | Blown up by Pikel

Illustrated notes

Levels and vault maps discovered:
D:1:      dpeg_arrival_three_same_balls, layout_loops_ring, minmay_tromino_i4
D:2:      kennysheep_six_static_rooms, layout_basic, uniq_robin
D:3:      layout_loops_corners, dreamdust_ecumenical_altar_statues,
          hangedman_decor_push, uniq_natasha
D:4:      minmay_diamond_boxcup, layout_layer_cave,
          grunt_temple_overflow_lords_of_destruction,
          minmay_temple_entry_mini_moons, ebering_ghost_disaster_area,
          uniq_blork_the_orc, uniq_pikel, uniq_grinder
Temple:   regret_index_temple_waves

Skill      XL: |  1  2  3  4  5  6  7 |
---------------+----------------------+-----
Axes           | 2 3 4 5 |  5.3
Armour         | 4 5 |  5.0
Fighting       | 4 |  4.6
Shields        | 4 |  4.6
Dodging        | 1 |  1.4

Action                   |  1- 3 |  4- 6 |  7- 9 || total
-------------------------+-------+-------+-------++-------
Melee: War axe           |    44 |   160 |    68 ||   272
  Use: Scroll            |     4 |     3 |     4 ||    11
Armor: Scale mail        |    21 |   130 |    46 ||   197
Dodge: Dodged            |    12 |    49 |    34 ||    95
Block: Kite shield       |    23 |    87 |    43 ||   153

Table legend: (Time is in decaauts)
 A = Elapsed time spent in this place.
 B = Non-inter-level travel time spent in this place.
 C = Inter-level travel time spent in this place.
 D = Time resting spent in this place.
 E = Time spent auto-exploring this place.
 F = Levels seen in this place.
 G = Mean time per level.
                   A        B        C        D        E       F      G
               +--------+--------+--------+--------+--------+-----+--------+
         Total |   4422 |   4387 |     35 |    939 |   2578 |   5 |  884.4 |
       Dungeon |   4299 |   4264 |     35 |    939 |   2498 |   4 | 1074.8 |
        Temple |    123 |    123 |      0 |      0 |     80 |   1 |  123.0 |
               +--------+--------+--------+--------+--------+-----+--------+

Top non-repeatable levels by time:
     D:3: 1673 daAuts
     D:1: 1101 daAuts
     D:2: 934 daAuts
     D:4: 590 daAuts
  Temple: 123 daAuts
